 Dungeon Crawl Stone Soup version 0.23-a0-586-gacb4b3f (webtiles) character file.

3562 nikopol the Cleaver (level 9, -6/120 HPs)
             Began as a Minotaur Berserker on Dec 18, 2018.
             Was a High Priest of Trog.
             Mangled by an orc warrior
             ... wielding a +0 bardiche
              (12 damage)
             ... in a bailey.
             The game lasted 00:16:56 (7162 turns).

nikopol the Cleaver (Minotaur Berserker)            Turns: 7162, Time: 00:16:57

Health: -6/120     AC: 19    Str: 31    XL:     9   Next: 83%
Magic:  8/8        EV: 14    Int:  4    God:    Trog [*****.]
Gold:   566        SH:  0    Dex: 15    Spells: 8/8 levels left

rFire    . . .     SeeInvis .   a - +5 hand axe of Nymuced {protect, Str+2}
rCold    . . .     Gourm    .   (no shield)
rNeg     . . .     Faith    .   v - +2 ring mail "Munk" {Dex+4}
rPois    .         Spirit   .   (helmet restricted)
rElec    .         Reflect  .   n - +0 cloak
rCorr    .         Harm     .   (no gloves)
MR       .....                  f - +1 pair of boots
Stlth    ..........             (no amulet)
HPRegen  0.30/turn              (no ring)
MPRegen  0.11/turn              (no ring)

@: berserking (expiring), protection aura, very quick
A: retaliatory headbutt, horns 2
a: Berserk, Trog's Hand, Brothers in Arms, Renounce Religion


You were in a bailey.
You worshipped Trog.
Trog was extremely pleased with you.
You were hungry.

You visited 1 branch of the dungeon, and saw 8 of its levels.
You also visited: Ossuary and Bailey.

You collected 566 gold pieces.

Inventory:

Hand Weapons
 a - the +5 hand axe of Nymuced (weapon) {protect, Str+2}
   (You took it off an orc on level 7 of the Dungeon)

   It protects the one who uses it against injury (+AC on strike).
   It affects your strength (+2).
 z - a +1 shortbow
Missiles
 r - 118 arrows
Armour
 b - a +0 animal skin
 f - a +1 pair of boots (worn)
 n - a +0 cloak (worn)
 p - a +0 ring mail
 q - a +0 chain mail
 v - the +2 ring mail "Munk" (worn) {Dex+4}
   (You found it on level 5 of the Dungeon)

   It affects your dexterity (+4).
Wands
 x - a wand of flame (15)
Scrolls
 d - 3 scrolls of enchant weapon
 g - 8 scrolls of identify
 i - 4 scrolls of remove curse
 l - 2 scrolls of teleportation
 u - 2 scrolls of enchant armour
Potions
 e - 6 potions of curing
 h - 4 potions of haste
 k - 3 potions of flight {unknown}
 m - 2 potions of lignification {unknown}
 o - a potion of degeneration {unknown}
 s - a potion of magic {unknown}
 t - 2 potions of might {unknown}
 w - 4 potions of heal wounds
 A - 3 potions of brilliance {unknown}
 B - 3 potions of berserk rage {unknown}
 C - 2 potions of invisibility {unknown}
Comestibles
 c - 16 rations
 j - 8 chunks of flesh


   Skills:
 + Level 7.7 Fighting
 * Level 10.4 Axes
 * Level 7.5 Bows
 + Level 6.7 Armour
 + Level 5.2 Dodging
 + Level 1.7 Stealth


You had 8 spell levels left.
You didn't know any spells.
Your spell library was empty.

Dungeon Overview and Level Annotations

Branches:
Dungeon (8/15)             Temple (0/1) D:4
   Lair: D:8-11

Altars:
Kikubaaqudgha
Okawaru
Trog
Xom

Shops:
D:6 (


Innate Abilities, Weirdness & Mutations

You reflexively headbutt those who attack you in melee.
You have a pair of horns on your head.


Message History

Trog accepts your kill. Something appears at your feet!
Trog grants you a weapon! The orc warrior misses you. You furiously retaliate!
You headbutt the orc warrior!
The orc warrior hits you with a +0 spear!
* * * LOW HITPOINT WARNING * * *
You hit the orc warrior.
The orc warrior is lightly wounded.
You hit the orc.
You kill the orc!
Trog accepts your kill.
You slash the orc warrior! You slash the orc!
You kill the orc!
Trog accepts your kill.
You closely miss the orc warrior.
The orc warrior hits you with a +0 trident!!
* * * LOW HITPOINT WARNING * * *
The orc warrior hits you from afar with a +0 bardiche!
You die...

##'''##
#.....#
#.....#
#.....#
#.....#
#.....#
##')'##
##))oo.##
#.o@oo..#
#.))....#
#..(o...#
#...(...#
#.......#
##.....##
#'''''#
#.....#


You could see an orc knight, 4 orc warriors and an orc.

Vanquished Creatures
  Pikel (D:7)
  A wraith (Ossuary)
  Menkaure (D:6)
  Duvessa (D:4)
  A black bear (D:6)
  A sky beast (D:7)
  8 orc warriors
  A phantom (D:5)
  2 ogres
  2 centaurs
  A bullfrog (D:7)
  Dowan (D:4)
  5 wights (D:5)
  A bullfrog zombie (D:7)
  5 orc wizards
  Crazy Yiuf (D:3)
  4 hounds
  4 orc priests
  Jessica (D:2)
  Terence (D:3)
  An iguana (D:4)
  4 worker ants
  A mummy (Ossuary)
  A worker ant zombie (D:7)
  Robin (D:3)
  4 gnolls
  A howler monkey skeleton (D:7)
  13 adders
  3 oozes
  An adder skeleton (D:8)
  An adder zombie (D:6)
  4 worms
  3 dart slugs (D:1)
  4 leopard geckos
  53 orcs
  A ball python (D:2)
  7 bats
  3 giant cockroaches
  17 hobgoblins
  10 jackals
  11 kobolds
  5 quokkas
  5 frilled lizards (D:2)
  6 gnoll skeletons (Ossuary)
  17 goblins
  A jackal skeleton (D:6)
  5 kobold skeletons (Ossuary)
  14 orc skeletons (Ossuary)
  4 rats (D:1)
244 creatures vanquished.

Vanquished Creatures (others)
  A giant cockroach (D:7)
  A quokka (D:7)
2 creatures vanquished.

Grand Total: 246 creatures vanquished

Notes
Turn   | Place    | Note
-------+----------+-------------------------------------------
     0 | D:1      | nikopol the Minotaur Berserker began the quest for the Orb.
     0 | D:1      | Reached XP level 1. HP: 19/19 MP: 0/0
    33 | D:1      | Reached XP level 2. HP: 21/27 MP: 1/1
    93 | D:1      | Reached skill level 4 in Axes
   379 | D:1      | Reached ** piety under Trog
   615 | D:2      | Reached XP level 3. HP: 28/33 MP: 2/2
   970 | D:2      | Reached XP level 4. HP: 28/41 MP: 3/3
  1130 | D:2      | Noticed Jessica
  1132 | D:2      | Killed Jessica
  1132 | D:2      | Reached skill level 5 in Axes
  1357 | D:2      | Reached XP level 5. HP: 47/47 MP: 4/4
  1588 | D:3      | Noticed Terence
  1594 | D:3      | Reached skill level 5 in Fighting
  1607 | D:3      | Reached skill level 6 in Axes
  1607 | D:3      | Reached skill level 1 in Stealth
  1607 | D:3      | Reached XP level 6. HP: 17/56 MP: 5/5
  1614 | D:3      | Killed Terence
  1871 | D:3      | Found a runed door.
  1875 | D:3      | Noticed Crazy Yiuf
  1881 | D:3      | Killed Crazy Yiuf
  2191 | D:3      | Reached *** piety under Trog
  2213 | D:3      | Noticed Robin
  2240 | D:3      | Killed Robin
  3077 | D:4      | Reached **** piety under Trog
  3205 | D:4      | Reached XP level 7. HP: 60/61 MP: 6/6
  3223 | D:4      | Reached skill level 7 in Axes
  3342 | D:4      | Found a staircase to the Ecumenical Temple.
  3465 | D:4      | Noticed Dowan
  3466 | D:4      | Noticed Duvessa
  3473 | D:4      | Killed Duvessa
  3480 | D:4      | Killed Dowan
  3610 | D:5      | Entered Level 5 of the Dungeon
  3638 | D:5      | Got a dazzling ring mail
  3649 | D:5      | Identified the +2 ring mail "Munk" {Dex+4} (You found it on
                  | level 5 of the Dungeon)
  3703 | D:5      | Reached skill level 5 in Armour
  3836 | D:5      | Reached skill level 8 in Axes
  3865 | D:5      | Reached XP level 8. HP: 32/70 MP: 7/7
  4421 | D:6      | Reached skill level 5 in Dodging
  4763 | D:6      | Reached skill level 9 in Axes
  4878 | D:6      | Found Ocihug's Antique Weapon Shop.
  5038 | D:6      | Noticed Menkaure
  5044 | D:6      | Killed Menkaure
  5044 | D:6      | Reached skill level 1 in Bows
  6018 | D:7      | Noticed Pikel
  6026 | D:7      | Killed Pikel
  6026 | D:7      | Reached XP level 9. HP: 79/79 MP: 8/8
  6132 | D:7      | Reached ***** piety under Trog
  6133 | D:7      | Identified the +5 hand axe of Nymuced {protect, Str+2}
  6211 | D:7      | Reached skill level 5 in Bows
  6221 | D:7      | Found a bloodstained altar of Trog.
  6297 | D:7      | Found a bloodstained altar of Trog.
  6299 | D:7      | Found an iron altar of Okawaru.
  6594 | D:8      | Found a sand-covered staircase.
  6603 | Ossuary  | Entered an ossuary
  6634 | Ossuary  | Received a gift from Trog
  6858 | D:8      | Found an ancient bone altar of Kikubaaqudgha.
  6858 | D:8      | Found a shimmering altar of Xom.
  6864 | D:8      | Found a flagged portal.
  6871 | Bailey   | Entered a bailey
  6888 | Bailey   | Reached skill level 10 in Axes
  7155 | Bailey   | Noticed an orc knight
  7161 | Bailey   | Received a gift from Trog
  7162 | Bailey   | HP: 6/120 [orc warrior/+0 trident (22)]
  7162 | Bailey   | Mangled by an orc warrior

Vault maps used:
D:1:      ncdulo_watergridlock, roderic_roman_lattice
D:2:      uniq_jessica
D:3:      chequers_arboretum, uniq_crazy_yiuf_cottage, uniq_robin, uniq_terence
D:4:      corexii_shantytown, minmay_temple_entry_grid, uniq_duvessa
D:5:      first_ration
D:6:      serial_shops, nicolae_shop_competitors_out_of_business, uniq_menkaure
D:7:      grunt_temple_overflow_bloody_war, serial_park, serial_park_square2,
          serial_park_tiny_2, serial_park_tiny_pond, uniq_pikel
D:8:      chequers_temple_overflow_statue_of_worship, serial_shops,
          nicolae_shop_behind_doors, nicolae_shop_waterfront,
          kennysheep_mini_moat, enter_bailey_2, nicolae_ossuary_entry_monument
Ossuary:  ossuary_due_mausoleum
Bailey:   bailey_polearm_5, bailey

Skill      XL: |  1  2  3  4  5  6  7  8  9 |
---------------+----------------------------+-----
Fighting       | 4 5 6 7 |  7.7
Axes           | 4 5 6 8 9 10 | 10.4
Dodging        | 3 4 5 |  5.2
Stealth        | 1 |  1.7
Armour         | 4 5 6 |  6.7
Bows           | 4 7 |  7.5

Action                   |  1- 3 |  4- 6 |  7- 9 || total
-------------------------+-------+-------+-------++-------
Melee: Hand axe          |    63 |   232 |   108 ||   403
       Headbutt          |    11 |    38 |    38 ||    87
       War axe           |       |       |    75 ||    75
 Fire: Shortbow          |       |       |   123 ||   123
Invok: Berserk           |       |     3 |     6 ||     9
  Use: Scroll            |       |       |    11 ||    11
 Stab: Sleeping          |     1 |       |       ||     1
  Eat: Chunk             |       |    10 |    17 ||    27
Armor: Animal skin       |    19 |     6 |       ||    25
       Ring mail         |       |    70 |    74 ||   144
Dodge: Dodged            |    38 |   125 |   155 ||   318

Table legend:
 A = Non-vault XP
 B = Vault XP
 C = Vault XP percentage of total XP
 D = Non-vault monster count
 E = Vault monster count
 F = Vault count percentage of total count
                 A         B        C        D         E       F
            +---------+---------+-------+---------+---------+-------
      Total |    2533 |    2556 |  50.2 |     140 |     104 |  42.6
            +---------+---------+-------+---------+---------+-------
        D:1 |      35 |       0 |   0.0 |      20 |       0 |   0.0
        D:2 |     170 |      37 |  17.9 |      34 |       1 |   2.9
        D:3 |     179 |     114 |  38.9 |      19 |      14 |  42.4
        D:4 |     263 |     317 |  54.7 |      14 |      28 |  66.7
        D:5 |     627 |       0 |   0.0 |      12 |       0 |   0.0
        D:6 |     564 |     175 |  23.7 |      20 |       1 |   4.8
        D:7 |     690 |     655 |  48.7 |      20 |       2 |   9.1
        D:8 |       5 |       0 |   0.0 |       1 |       0 |   0.0
    Ossuary |       0 |     248 | 100.0 |       0 |      27 | 100.0
     Bailey |       0 |    1010 | 100.0 |       0 |      31 | 100.0
            +---------+---------+-------+---------+---------+-------
